 Dungeon Crawl Stone Soup version 0.31.0-11-ge490571c62 (webtiles) character file.

Game seed: 9348956613879332393

126174 Strat the Blocker (level 16, -4/134 HPs)
             Began as an Armataur Conjurer on Jan 29, 2024.
             Was a Priest of Cheibriados.
             Slain by a jumping spider (8 damage)
             ... on level 3 of the Lair of Beasts on Jan 30, 2024.
             The game lasted 01:46:40 (36564 turns).

Strat the Blocker (Armataur Conjurer)              Turns: 36564, Time: 01:46:40

Health: -4/134     AC: 16    Str: 27    XL:     16   Next: 43%
Magic:  1/29       EV:  9    Int: 27    God:    Cheibriados [***...]
Gold:   2833       SH: 21    Dex: 22    Spells: 10/33 levels left

rFire   . . .        b - +5 demon trident (elec)
rCold   . . .        u - +2 kite shield
rNeg    . . .        T - +0 swamp dragon scales
rPois   +            (no helmet)
rElec   .            h - +2 cloak
rCorr   .            x - +2 pair of gloves
SInv    +            (no barding)
Will    ++...        q - amulet of reflection
Stlth   ++           G - ring "Muexi" {Dex+4 SInv}
HPRegen 0.42/turn    y - ring of willpower
MPRegen 0.21/turn

%: reflection, roll
@: very slow
A: large, deformed body, tough skin 3, armoured tail, roll 2
a: Renounce Religion, Bend Time, Temporal Distortion


You were on level 3 of the Lair of Beasts.
You worshipped Cheibriados.
Cheibriados was most pleased with you.
You visited 6 branches of the dungeon, and saw 25 of its levels.

You collected 3520 gold pieces.
You spent 687 gold pieces at shops.

Inventory:

Hand Weapons
 b - a +5 demon trident of electrocution (weapon)
Missiles
 c - 2 silver javelins
 z - 6 curare-tipped darts
 N - 2 throwing nets
Armour
 h - a +2 cloak (worn)
 u - a +2 kite shield (worn)
 x - a +2 pair of gloves (worn)
 P - +0 acid dragon scales
 T - +0 swamp dragon scales (worn)
Jewellery
 d - an amulet of guardian spirit
 g - a ring of protection from fire
 m - the ring "Uneig" {rC+ Dex+6}
   (You took it off a wight on level 7 of the Dungeon)

   [ring of dexterity]

   Dex+6:     It affects your dexterity (+6).
   rC+:       It protects you from cold.
 q - an amulet of reflection (around neck)
 t - a ring of see invisible
 y - a ring of willpower (right hand)
 B - an amulet of magic regeneration
 G - the ring "Muexi" (left hand) {Dex+4 SInv}
   (You found it on level 15 of the Dungeon)

   [ring of see invisible]

   Dex+4:     It affects your dexterity (+4).
   SInv:      It lets you see invisible.
 O - a ring of flight
Wands
 v - a wand of light (7)
 C - a wand of iceblast (5)
 E - a wand of paralysis (4)
 K - a wand of mindburst (17)
 M - a wand of flame (22)
 S - a wand of polymorph (7)
Scrolls
 a - a scroll of poison
 i - 2 scrolls of enchant armour
 j - a scroll of immolation
 n - 2 scrolls of amnesia
 w - 3 scrolls of revelation
 F - a scroll of torment
 H - 2 scrolls of brand weapon
 I - a scroll of identify
 L - 2 scrolls of vulnerability
Potions
 e - 2 potions of enlightenment
 f - 2 potions of lignification
 l - 5 potions of brilliance
 o - a potion of curing
 p - 2 potions of attraction
 r - 2 potions of might
 s - 4 potions of mutation
 A - a potion of berserk rage
 D - a potion of ambrosia
 J - 2 potions of resistance {unknown}
Miscellaneous
 k - a sack of spiders
 Q - a phial of floods


   Skills:
 + Level 10.0 Fighting
 * Level 11.3 Polearms
 - Level 10.0 Armour
 - Level 1.3 Dodging
 - Level 2.1 Stealth
 + Level 12.2 Shields
 - Level 9.0 Spellcasting
 - Level 7.0 Conjurations
 - Level 5.0 Hexes
 - Level 4.0 Fire Magic
 - Level 10.0 Alchemy
 + Level 12.0 Invocations


You had 10 spell levels left.
You knew the following spells:

 Your Spells              Type           Power      Damage    Failure   Level
a - Magic Dart            Conj           100%       1d8       1%          1
b - Searing Ray           Conj           98%        2d8       1%          2
c - Jinxbite              Hex            78%        N/A       1%          2
d - Fulminant Prism       Conj/Alch      27%        3d14      3%          4
e - Sticky Flame          Fire/Alch      49%        2d9       5%          4
f - Yara's Violent Unrav  Hex/Alch       25%        3d11      13%         5
g - Olgreb's Toxic Radia  Alch           60%        N/A       1%          4
h - Apportation           Tloc           24%        N/A       10%         1

Your spell library contained the following spells:

 Spells                   Type           Power      Damage    Failure   Level
 Sting                    Conj/Alch      100%       1d9       1%          1
 Kiss of Death            Conj/Necr      100%       2d13      2%          1
 Dazzling Flash           Conj/Hex       88%        N/A       2%          3
 Scorch                   Fire           66%        2d7       3%          2
 Confusing Touch          Hex            39%        N/A       3%          3
 Mephitic Cloud           Conj/Alch/Air  42%        N/A       3%          3
 Inner Flame              Hex/Fire       36%        N/A       4%          3
 Ensorcelled Hibernation  Hex/Ice        50%        N/A       5%          2
 Necrotise                Necr           48%        1d6       10%         1
 Summon Small Mammal      Summ           48%        N/A       10%         1
 Flame Wave               Conj/Fire      41%        2d11      11%         4
 Cause Fear               Hex            19%        N/A       13%         4
 Iskenderun's Battlesphe  Conj           49%        2d10      16%         5
 Brom's Barrelling Bould  Conj/Erth      31%        2d5       24%         4
 Iskenderun's Mystic Bla  Conj/Tloc      31%        2d8       24%         4
 Eringya's Noxious Bog    Alch           30%        4d6       26%         6
 Fireball                 Conj/Fire      20%        3d10      28%         5
 Passwall                 Erth           12%        N/A       30%         3
 Swiftness                Air            12%        N/A       30%         3
 Arcjolt                  Conj/Air       15%        1d25      54%         5
 Dispel Undead            Necr           12%        3d9       69%         4
 Vhi's Electric Charge    Tloc/Air       24%        N/A       69%         4
 Silence                  Hex/Air        12%        N/A       69%         5
 Curse of Agony           Necr           12%        N/A       95%         5
 Summon Forest            Summ/Tloc      6%         N/A       95%         5
 Conjure Ball Lightning   Conj/Air       15%        3x3d6     98%         6
 Orb of Destruction       Conj           24%        9d9       99%         7
 Summon Cactus Giant      Summ           6%         N/A       100%        6
 Enfeeble                 Hex            19%        N/A       100%        7
 Ozocubu's Refrigeration  Ice            6%         4d8       100%        7
 Summon Hydra             Summ           6%         N/A       100%        7
 Discord                  Hex            19%        N/A       100%        8
 Maxwell's Capacitive Co  Air            6%         ∞         100%        8
 Dragon's Call            Summ           6%         N/A       100%        9


Dungeon Overview and Level Annotations

Branches:
Dungeon (15/15)            Temple (1/1) D:4            Lair (5/5) D:9
  Swamp (1/4) Lair:2       Spider (1/4) Lair:3        Slime (0/5) Lair:5
    Orc (2/2) D:9             Elf (0/3) Orc:2        Vaults (0/5) D:14
 Depths (0/4) D:15

Altars:
Ashenzari
Cheibriados
Dithmenos
Elyvilon
Fedhas
Gozag
Hepliaklqana
Kikubaaqudgha
Makhleb
Nemelex Xobeh
Okawaru
Qazlal
Ru
Sif Muna
Trog
Uskayaw
Vehumet
Wu Jian
Xom
Yredelemnul
Zin
The Shining One
Lugonu

Shops:
D:8 ?   D:11 !   Orc:2 (([[

Portals:
Hell: Lair:5

Annotations:
D:8 2 transporters
Lair:2 2 runed translucent doors, TheRegalBeagle's ghost, journeyman DsGl
Lair:5 exclusion: oklob plant
Swamp:1 Mlioglotl
Orc:1 3 runed translucent doors, Jeffwins's ghost, journeyman OnMo


Innate Abilities, Weirdness & Mutations

Armour fits poorly on your strangely shaped body.
You have extremely tough skin. (AC +3)
You have a long armoured tail.
You regenerate magic and health when rolling toward enemies. (Rampage Regen)


Message History

The jumping spider pounces on you!
* * * LOW HITPOINT WARNING * * *
The jumping spider bites you but does no damage.
The jumping spider pounces on you!
* * * LOW HITPOINT WARNING * * *
The jumping spider bites you but does no damage.
Okay, then.
You feel better.
The jumping spider pounces on you but does no damage.
The jumping spider bites you but does no damage.
The jumping spider completely misses you.
The jumping spider bites you but does no damage.
You feel better. The jumping spider pounces on you.
* * * LOW HITPOINT WARNING * * *
The jumping spider barely misses you. The jumping spider pounces on you!
* * * LOW HITPOINT WARNING * * *
The jumping spider closely misses you.
The jumping spider pounces on you but does no damage.
The jumping spider bites you but does no damage.
The jumping spider pounces on you.
* * * LOW HITPOINT WARNING * * *
The jumping spider bites you but does no damage.
You feel better.
The jumping spider leaps!
The jumping spider pounces on you!
* * * LOW HITPOINT WARNING * * *
You are even more entangled.
The jumping spider barely misses you.
The jumping spider leaps! x2; You block the jumping spider's attack. x2
You feel better. You block the jumping spider's attack.
The jumping spider bites you but does no damage.
Casting: Sticky Flame (mildly dangerous; 5% risk of failure)
Confirm with . or Enter, or press ? or * to list all spells.
Aiming: Sticky Flame (mildly dangerous; 5% risk of failure)
Press: ? - help, Shift-Dir - straight line, f - jumping spider
Aim: a jumping spider The sticky flame hits the jumping spider!
The jumping spider is moderately wounded.
The jumping spider burns!
The jumping spider pounces on you!
* * * LOW HITPOINT WARNING * * *
You block the jumping spider's attack. The jumping spider barely misses you.
You block the jumping spider's attack. The jumping spider pounces on you!
You die...

#.###..#.#..............#..
##.......................##.
##..#########.............###
#..########^##............#..
##.#.#^#.#.###............#.#
#.##.#.#^#^###...........#..
#.#^#######.##...<.........#
#....#.#.#.s°#...........###
#....^#.#..@.#............#.
#....#.###.s.#..##.#........
###.#.## ##.##.##...........
##.#^###.###.........≈≈≈≈§
##^#.#.#.#...#......#≈≈≈§
#########..##......#≈≈§≈
######.###...##.#≈§≈≈
#............#.[#≈≈≈§
##............##..#.#≈


You could see 2 jumping spiders.

Vanquished Creatures
  A tengu reaver (D:15)
  An orc warlord (Orc:1)
  2 vampire knights (D:15)
  Josephine (Orc:2)
  4 fire dragons (D:15)
  A hell beast (Lair:5)
  Erica (D:8)
  8 hydras
  10 centaur warriors
  2 ogre magi (D:15)
  3 catoblepae
  A rakshasa (D:15)
  5 two-headed ogres
  7 boulder beetles
  3 tengu warriors (D:15)
  3 orc high priests (Orc:2)
  4 death yaks
  2 skeletal warriors
  3 skysharks
  A goliath frog (Lair:2)
  A deep troll (D:15)
  2 spriggan druids (Lair:2)
  A swamp dragon (Lair:2)
  An arcanist (Lair:5)
  A harpy (D:15)
  A deep elf archer (D:14)
  A phantasmal warrior (D:15)
  2 deep elf zephyrmancers (D:14)
  5 deep elf pyromancers
  7 orc knights
  A manticore (shapeshifter) (D:15)
  21 ugly things
  6 orc sorcerers
  2 will-o-the-wisps (Swamp:1)
  7 cyclopes
  5 manticores
  4 meliai (D:15)
  A moth of wrath (shapeshifter) (D:15)
  5 kobold blastminers
  4 elephants (Lair:5)
  7 black mambas
  20 cane toads
  4 centaur skeletons (D:14)
  2 orange demons (Lair:5)
  A cane toad (shapeshifter) (D:15)
  3 kobold demonologists
  An unseen horror (shapeshifter) (D:15)
  4 rime drakes
  7 komodo dragons
  2 efreet
  A freezing wraith (D:15)
  An ice devil (Lair:5)
  6 yaktaurs
  2 tengu conjurers (D:15)
  A troll (shapeshifter) (D:15)
  4 trolls
  A merfolk (shapeshifter) (D:15)
  A red devil (Lair:5)
  A hellwing (Lair:5)
  3 hornets
  2 polar bears
  3 tyrant leeches (Lair:2)
  21 blink frogs
  Prince Ribbit (Lair:1)
  13 slime creatures
  3 jumping spiders (Lair:3)
  A spriggan (Swamp:1)
  3 shadows
  A centaur simulacrum (D:15)
  12 wraiths
  50 yaks
  7 wyverns
  A water elemental (D:11)
  Eustachio (D:5)
  A warg (Orc:2)
  A basilisk (shapeshifter) (D:15)
  11 basilisks
  A redback simulacrum (D:14)
  10 redbacks
  18 vampire mosquitoes
  2 steam dragons
  A swamp worm (Swamp:1)
  An acid dragon (D:9)
  Edmund (D:4)
  5 hell hounds (Lair:5)
  15 water moccasins
  14 orc warriors
  8 ice beasts
  A hornet zombie (D:7)
  3 sky beasts
  2 black bears
  3 laughing skulls
  6 ogres
  A boggart (D:15)
  29 wolves
  7 centaurs
  4 kobold brigands (D:14)
  3 phantoms
  13 bullfrogs
  4 scorpions
  A wyvern zombie (D:7)
  18 wights
  A hornet simulacrum (D:15)
  28 killer bees
  2 electric eels (Lair:3)
  11 howler monkeys
  A gnoll bouda (D:9)
  A bullfrog zombie (D:7)
  A centaur zombie (D:7)
  2 bombardier beetles
  4 jellies
  A sleepcap (D:4)
  11 orc priests
  2 hounds (D:6)
  3 iguanas
  22 orc wizards
  A killer bee zombie (D:7)
  A howler monkey zombie (D:7)
  3 gnolls (D:9)
  4 adders
  2 shadow imps
  3 dart slugs
  51 orcs
  6 endoplasms
  3 giant cockroaches
  6 goblins
  18 hobgoblins
  2 jackals (D:4)
  2 quokkas
  4 ball pythons
  6 bats
  5 frilled lizards
  5 kobolds
  4 rats
732 creatures vanquished.

Vanquished Creatures (others)
  An orc wizard (Orc:2)
  5 foxfires (Swamp:1)
  3 fulminant prisms (Lair:1)
9 creatures vanquished.

Grand Total: 741 creatures vanquished

Notes
Turn   | Place    | Note
-------+----------+-------------------------------------------
     0 | D:1      | Strat the Armataur Conjurer began the quest for the Orb.
     0 | D:1      | Reached XP level 1. HP: 14/14 MP: 3/3
   179 | D:1      | Reached XP level 2. HP: 15/20 MP: 0/4
   270 | D:1      | Learned a level 2 spell: Searing Ray
  1009 | D:2      | Reached XP level 3. HP: 26/26 MP: 1/5
  1566 | D:2      | Found a shimmering altar of Xom.
  1752 | D:3      | You fall into a shaft and drop 2 floors!
  1752 | D:5      | Entered Level 5 of the Dungeon
  1754 | D:5      | Noticed a centaur
  1761 | D:5      | Killed a centaur
  1762 | D:5      | Reached skill level 5 in Conjurations
  1762 | D:5      | Reached skill level 1 in Fighting
  1762 | D:5      | Reached XP level 4. HP: 12/36 MP: 0/6
  1801 | D:5      | Noticed a phantom
  1847 | D:4      | Reached XP level 5. HP: 37/41 MP: 7/7
  1883 | D:4      | Noticed Edmund
  1914 | D:5      | Noticed a black bear
  1924 | D:6      | Noticed a water moccasin
  1929 | D:6      | Killed a water moccasin
  1948 | D:6      | Noticed a steam dragon
  1997 | D:5      | Noticed an ice beast
  1997 | D:5      | Noticed a phantom
  1997 | D:5      | Found a hazy altar of Hepliaklqana.
  2025 | D:5      | Killed a phantom
  2026 | D:5      | Reached XP level 6. HP: 39/51 MP: 1/8
  2233 | D:5      | Killed an ice beast
  2234 | D:5      | Gained mutation: You regenerate magic and health when
                  | rolling toward enemies. (Rampage Regen) [Armataur growth]
  2234 | D:5      | Reached XP level 7. HP: 15/60 MP: 3/9
  2389 | D:5      | Reached skill level 5 in Fighting
  2866 | D:4      | Found an ancient bone altar of Kikubaaqudgha.
  3014 | D:4      | Reached skill level 1 in Shields
  3123 | D:4      | Killed Edmund
  4532 | D:4      | Found a staircase to the Ecumenical Temple.
  4540 | Temple   | Entered the Ecumenical Temple
  4581 | Temple   | Became a worshipper of Cheibriados the Contemplative
  4758 | D:4      | Reached XP level 8. HP: 70/70 MP: 5/10
  5215 | D:5      | Noticed Eustachio
  5264 | D:5      | Killed Eustachio
  5722 | D:6      | Learned a level 2 spell: Jinxbite
  5727 | D:6      | Learned a level 4 spell: Fulminant Prism
  5749 | D:6      | Reached skill level 5 in Shields
  5754 | D:6      | Reached skill level 1 in Hexes
  5827 | D:6      | Found a white marble altar of Elyvilon.
  5961 | D:6      | Reached * piety under Cheibriados
  6347 | D:6      | Reached XP level 9. HP: 79/79 MP: 1/11
  6781 | D:7      | Found a shimmering altar of Xom.
  6806 | D:7      | Reached skill level 1 in Alchemy
  7227 | D:7      | Reached ** piety under Cheibriados
  7855 | D:7      | Identified the ring "Uneig" {rC+ Dex+6}
  7991 | D:7      | Found a sparkling altar of Nemelex Xobeh.
  8395 | D:8      | Reached *** piety under Cheibriados
  8396 | D:8      | Reached skill level 5 in Alchemy
  8496 | D:8      | Noticed Erica
  8499 | D:8      | Found a radiant altar of Vehumet.
  8519 | D:8      | Reached XP level 10. HP: 90/90 MP: 12/12
  8736 | D:8      | Found a hide-covered altar of Uskayaw.
  8753 | D:8      | Killed Erica
  9086 | D:8      | Found an ornate altar of the Wu Jian Council.
  9131 | D:8      | Noticed a brown ugly thing
  9132 | D:8      | Found a transporter.
  9132 | D:8      | Noticed a purple ugly thing
  9134 | D:8      | Found a corrupted altar of Lugonu.
  9245 | D:8      | Found Fihuhauq's Magic Scroll Emporium.
  9258 | D:8      | Bought a scroll of teleportation for 33 gold pieces
  9258 | D:8      | Bought a scroll of blinking for 82 gold pieces
  9617 | D:8      | Found a transporter.
 10246 | D:9      | Learned a level 4 spell: Sticky Flame
 10261 | D:9      | Reached **** piety under Cheibriados
 10352 | D:9      | Reached skill level 1 in Fire Magic
 10395 | D:9      | Found a staircase to the Lair.
 10922 | D:9      | Found a shimmering blue altar of Sif Muna.
 11072 | D:9      | Found a staircase to the Orcish Mines.
 11125 | D:9      | Reached ***** piety under Cheibriados
 11145 | D:9      | Reached skill level 1 in Armour
 11858 | D:10     | Entered Level 10 of the Dungeon
 11867 | D:10     | Reached XP level 11. HP: 95/95 MP: 14/16
 11904 | D:10     | Identified the +3 quarterstaff of Ash {heavy, +Blink rPois
                  | rN++ Int+3}
 12110 | D:10     | Reached skill level 1 in Invocations
 12216 | D:10     | Noticed a two-headed ogre
 12225 | D:10     | Killed a two-headed ogre
 12676 | D:10     | Learned a level 5 spell: Yara's Violent Unravelling
 12808 | D:10     | Found an opulent altar of Gozag.
 13318 | D:10     | Found an iron altar of Okawaru.
 13339 | D:10     | Found a shadowy altar of Dithmenos.
 13518 | D:11     | Noticed a two-headed ogre
 13743 | D:11     | Found Woiwaugh's Distillery.
 13963 | D:11     | Noticed a two-headed ogre
 14042 | Lair:1   | Entered Level 1 of the Lair of Beasts
 14430 | Lair:1   | Reached skill level 5 in Armour
 14574 | Lair:1   | Noticed Prince Ribbit
 14584 | Lair:1   | Reached skill level 5 in Spellcasting
 14593 | Lair:1   | Killed Prince Ribbit
 14862 | Lair:1   | Reached ****** piety under Cheibriados
 15040 | Lair:2   | Reached XP level 12. HP: 98/103 MP: 17/19
 15462 | Lair:2   | Found a stormy altar of Qazlal.
 15543 | Lair:2   | Reached skill level 5 in Invocations
 15825 | Lair:2   | Found a large runed translucent door.
 15825 | Lair:2   | Found a large runed translucent door.
 15828 | Lair:2   | Noticed TheRegalBeagle's ghost (journeyman DsGl)
 16249 | Lair:2   | Found a staircase to the Swamp.
 16915 | Lair:3   | Noticed a death yak
 16915 | Lair:3   | Noticed a death yak
 16915 | Lair:3   | Noticed a death yak
 16915 | Lair:3   | Found a hole to the Spider Nest.
 16924 | Lair:2   | Killed a death yak
 16925 | Lair:2   | Reached skill level 5 in Hexes
 18004 | Lair:3   | Found an iron altar of Okawaru.
 18394 | Lair:2   | Killed a death yak
 18574 | Lair:3   | Reached XP level 13. HP: 111/111 MP: 23/23
 20829 | Lair:5   | Entered Level 5 of the Lair of Beasts
 21032 | Lair:5   | Learned a level 4 spell: Olgreb's Toxic Radiance
 21034 | Lair:5   | Learned a level 1 spell: Apportation
 21607 | Lair:5   | Found a staircase to the Slime Pits.
 21667 | Lair:5   | Reached skill level 10 in Fighting
 21667 | Lair:5   | Reached skill level 10 in Shields
 22537 | Lair:5   | Reached XP level 14. HP: 108/121 MP: 19/26
 22930 | Lair:5   | Found a burning altar of Makhleb.
 22940 | Lair:5   | Reached skill level 10 in Alchemy
 23718 | Lair:5   | Found a gateway to Hell.
 23930 | Lair:5   | Identified the ring "Ryoczun" {Fire Dex+4}
 24085 | Orc:1    | Entered Level 1 of the Orcish Mines
 24338 | Orc:1    | Noticed an orc warlord
 24368 | Orc:1    | Killed an orc warlord
 24369 | Orc:1    | Reached skill level 1 in Polearms
 24369 | Orc:1    | Reached skill level 10 in Invocations
 25066 | Orc:1    | Found a runed translucent gate.
 25066 | Orc:1    | Found a runed translucent gate.
 25067 | Orc:1    | Found a runed translucent gate.
 25072 | Orc:1    | Noticed Jeffwins's ghost (journeyman OnMo)
 25269 | Orc:2    | Entered Level 2 of the Orcish Mines
 25439 | Orc:2    | Paralysed by an orc sorcerer for 5 turns
 25770 | Orc:2    | Reached skill level 10 in Armour
 25920 | Orc:2    | Found a staircase to the Elven Halls.
 25959 | Orc:2    | Noticed Josephine
 25974 | Orc:2    | Killed Josephine
 26277 | Orc:2    | Found Heefiaple's Armour Boutique.
 26367 | Orc:2    | Found Nevuoty's Armour Emporium.
 26373 | Orc:2    | Found Yrabluen's Antique Weapon Emporium.
 26375 | Orc:2    | Found Mishruxic's Weapon Boutique.
 26861 | D:11     | Found a white marble altar of Elyvilon.
 28726 | D:8      | Bought a scroll of acquirement for 572 gold pieces
 28726 | D:8      | Acquired 577 gold pieces
 28876 | D:13     | Reached XP level 15. HP: 120/126 MP: 21/28
 28997 | D:13     | Reached skill level 5 in Polearms
 29372 | D:13     | Identified the beast talisman of Sinen Toatt {rN++}
 30275 | D:14     | Found a gate to the Vaults.
 30907 | D:15     | Entered Level 15 of the Dungeon
 31661 | D:15     | Found a sparkling altar of Nemelex Xobeh.
 32066 | D:15     | Found a shimmering blue altar of Sif Muna.
 32066 | D:15     | Found a white marble altar of Elyvilon.
 33117 | D:15     | Identified the ring "Muexi" {Dex+4 SInv}
 33423 | D:15     | Reached skill level 10 in Polearms
 33520 | D:15     | Reached XP level 16. HP: 130/134 MP: 22/29
 33680 | D:15     | Noticed a tengu reaver
 33988 | D:15     | Killed a tengu reaver
 34267 | D:15     | Identified the +7 crystal plate armour "Depsatos" {rC+++
                  | Will- Regen+ MP+9}
 35196 | D:15     | Found a staircase to the Depths.
 35478 | Swamp:1  | Entered Level 1 of the Swamp
 36024 | Swamp:1  | Noticed Mlioglotl
 36507 | Spider:1 | Entered Level 1 of the Spider Nest
 36564 | Lair:3   | HP: 4/134 [jumping spider (12)]
 36564 | Lair:3   | Slain by a jumping spider

Illustrated notes

Levels and vault maps discovered:
D:1:      amcnicky_arrival_single_pillar, layout_loops_ring, kennysheep_boxes
D:2:      layout_rooms, basic_altar
D:3:      layout_basic, chequers_serial_rivers_micro_d, st_stairs_7
D:4:      layout_loops_ring, lemuel_round_altar, minmay_temple_entry_hall,
          lemuel_flame_loot_1, uniq_edmund
D:5:      layout_rooms, mainiacjoe_overflow_small_starburst, uniq_eustachio
D:6:      hellmonk_destroyed_diamonds, layout_loops_ring,
          mainiacjoe_overflow_alcove_2
D:7:      layout_rooms, overflow_temple_1_default, nemelex_diamond_rough_becter,
          serial_undead, serial_undead_f, serial_undead_b, serial_undead_c,
          serial_undead_e, serial_undead_f, serial_undead_d, patterned_corridor
D:8:      gammafunk_corrupted_shrine, layout_basic,
          nicolae_wu_jian_wuxing_cycle, mainiacjoe_overflow_alcove_4,
          fiery_altar_vehumet, serial_shops, nicolae_shop_trees,
          nicolae_straight_to_the_point, uniq_erica
D:9:      layout_irregular_city, mainiacjoe_overflow_brackets,
          hellmonk_lair_entry_icy, david_orc_3
D:10:     layout_long_grid, grunt_gozag_breadcrumbs, jmf_multi_god_temple2
D:11:     layout_cave_pods, serial_shops, shop, nicolae_elyvilon_temple_path
D:12:     layout_irregular_city
D:13:     layout_roguey
D:14:     layout_cave_pools, hangedman_vaults_entry_quadrant_bands
D:15:     hangedman_slaughterboxes
Temple:   cyrus_temple_forest
Lair:1:   layout_hall_layers, uniq_prince_ribbit2
Lair:2:   layout_chaotic_city, mainiacjoe_swamp_entry_angry_trees,
          ebering_ghost_disaster_area, basic_altar
Lair:3:   layout_gridlike, nicolae_spider_entry_tight_spaces, basic_altar,
          beast_lair_carwin_11
Lair:4:   layout_long_grid, nicolae_lair_grove_arrangements, st_stairs_10
Lair:5:   evil_forest, layout_regular_city, minmay_slime_entry_pillars,
          minmay_lair_oklob_items
Swamp:1:  layout_falls_marsh, evilmike_swamp_ruin_rubble_2, uniq_mlioglotl
Spider:1: layout_spider_delve, uniq_donald
Orc:1:    layout_caves, ebering_ghost_rock_garden
Orc:2:    st_orc_elflike, layout_caves, uniq_josephine

Skill      XL: |  1  2  3  4  5  6  7  8  9 10 11 12 13 14 15 16 |
---------------+-------------------------------------------------+-----
Conjurations   | 4 5 6 7 |  7.0
Fighting       | 1 3 4 6 7 8 9 10 | 10.0
Shields        | 3 6 8 9 10 11 12 | 12.2
Hexes          | 3 4 5 |  5.0
Alchemy        | 5 7 8 9 10 | 10.0
Spellcasting   | 3 5 6 8 9 |  9.0
Fire Magic     | 4 |  4.0
Armour         | 2 5 8 10 | 10.0
Invocations    | 4 7 9 11 12 | 12.0
Polearms       | 4 10 11 | 11.3
Dodging        | |  1.3
Stealth        | |  2.1

Action                     |  1- 3 |  4- 6 |  7- 9 | 10-12 | 13-15 | 16-18 || total
---------------------------+-------+-------+-------+-------+-------+-------++-------
  Melee: Staff             |    20 |       |       |       |       |       ||    20
         Unarmed           |     2 |       |       |       |     6 |       ||     8
         Tailslap          |     4 |     4 |    32 |   156 |   245 |    28 ||   469
         Short sword       |    15 |    27 |   217 |   729 |   847 |       ||  1835
         Punch             |       |     1 |       |       |       |       ||     1
         Demon trident     |       |       |       |       |    88 |   148 ||   236
   Cast: Magic Dart        |    26 |       |     1 |       |       |       ||    27
         Searing Ray       |    16 |    10 |    78 |    26 |     1 |       ||   131
         Jinxbite          |       |       |     1 |    14 |    62 |     4 ||    81
         Sticky Flame      |       |       |       |    46 |   198 |    32 ||   276
         Fulminant Prism   |       |       |       |     3 |       |       ||     3
         Olgreb's Toxic Ra |       |       |       |       |    61 |     7 ||    68
         Apportation       |       |       |       |       |     4 |       ||     4
         Yara's Violent Un |       |       |       |       |     2 |       ||     2
 Invoke: Slouch            |       |       |       |       |    14 |     5 ||    19
         Bend Time         |       |       |       |       |     1 |       ||     1
  Evoke: Wand              |       |       |       |    21 |     4 |       ||    25
    Use: Scroll            |       |     6 |     9 |    11 |    16 |     4 ||    46
         Potion            |       |     5 |       |     6 |     9 |     9 ||    29
   Stab: Sleeping          |     1 |     1 |     3 |     2 |     8 |     2 ||    17
         Distracted        |       |       |     1 |     1 |     3 |     1 ||     6
         Invisible         |       |       |       |     2 |     2 |       ||     4
         Paralysed         |       |       |       |       |     1 |       ||     1
 Armour: Robe              |    41 |    41 |   133 |       |       |       ||   215
         Ring mail         |       |       |    27 |   124 |       |       ||   151
         Steam dragon scal |       |       |       |    16 |       |       ||    16
         Acid dragon scale |       |       |       |   334 |   775 |    62 ||  1171
         Skin              |       |       |       |       |     3 |       ||     3
         Swamp dragon scal |       |       |       |       |       |    63 ||    63
  Dodge: Dodged            |    17 |    19 |    90 |   192 |   282 |    39 ||   639
  Block: Kite shield       |       |       |   156 |   746 |  1248 |   211 ||  2361
         Reflection        |       |       |       |       |    17 |    10 ||    27
         Other             |       |       |       |       |     2 |       ||     2
